Cogmind - Beta 11.1 @@@ ROGUE MODE // 2022.09.22 @ 10:39:47 Player: Flerik Result: Destroyed by S-10 Pest with Light Assault Rifle Performance ------------- Evolutions (1) 500 Regions Visited (2) 400 Robots Destroyed (9) 45 Value Destroyed (107) 107 Prototype IDs (0) 0 Alien Tech Used (0) 0 Bonus (0) 0 TOTAL SCORE: 1052 Bonus ------- None Cogmind --------- Core Integrity 0/400 Matter 290/300 Energy 80/100 System Corruption 0% Temperature Cool (0) Movement Flying (120) Ox1 Location -9/Materials Parts ------- > --- POWER (1) -------- (None) > --- PROPULSION (3) --- Flight Unit > --- UTILITY (3) ------ Small Storage Unit Terrain Scan Processor > --- WEAPON (2) ------- (None) > --- INVENTORY (8) ---- Ion Engine Flight Unit Flight Unit Flight Unit Light Assault Rifle Mining Laser Peak State ------------ > --- POWER ------------ Ion Engine > --- PROPULSION ------- Aluminum Leg Aluminum Leg > --- UTILITY ---------- Small Storage Unit Improved Terrain Scanner Terrain Scan Processor > --- WEAPON ----------- Small Laser Light Assault Rifle > --- INVENTORY -------- Ion Engine Flight Unit Flight Unit Flight Unit Flight Unit Light Assault Rifle Mining Laser [Rating: 11] Favorites ----------- Power Ion Engine Engine Ion Engine Propulsion Aluminum Leg Leg Aluminum Leg Utility Small Storage Unit Device Improved Terrain Scanner Storage Small Storage Unit Processor Terrain Scan Processor Weapon Light Assault Rifle Energy Gun EM Pulse Gun Ballistic Gun Light Assault Rifle Build | -11 -10 -9 ------- Run | Scr Mat Mat Slots Evolved 2 | . . 2 Power . | . . . Propulsion 1 | . . 1 Utility 1 | . . 1 Weapon . | . . . Parts Attached 10 | 7 1 2 Power 1 | 1 . . Engine 1 | 1 . . Core . | . . . Reactor . | . . . Propulsion 3 | 2 . 1 Treads . | . . . Leg 2 | 2 . . Wheel . | . . . Hover . | . . . Flight 1 | . . 1 Utility 3 | 2 . 1 Device 1 | 1 . . Storage 1 | 1 . . Processor 1 | . . 1 Hackware . | . . . Protection . | . . . Artifact . | . . . Weapon 3 | 2 1 . Energy Gun 2 | 1 1 . Energy Cannon . | . . . Ballistic Gun 1 | 1 . . Ballistic Cannon . | . . . Launcher . | . . . Special Weapon . | . . . Impact Weapon . | . . . Slashing Weapon . | . . . Piercing Weapon . | . . . Special Melee Weapon . | . . . Unidentified Prototypes . | . . . Parts Lost 7 | . 1 6 Power 1 | . . 1 Propulsion 2 | . . 2 Utility 1 | . . 1 Weapon 3 | . 1 2 Highest Loss Streak 6 | . 1 6 To Critical Strikes . | . . . Average Slot Usage (%) 86 | . 98 66 Engine 11 | . 14 7 Leg 22 | . 28 13 Device 11 | . 14 7 Storage 12 | . 14 11 Processor 4 | . . 11 Energy Gun 10 | . 12 7 Ballistic Gun 12 | . 14 9 Naked Turns . | . . . Heaviest Build 14 | 14 14 13 Greatest Support 20 | 20 20 20 Greatest Overweight (x) 2 | . . 2 Average Overweight (x) . | . . . Largest Inventory Capacity 8 | 8 8 8 Average Capacity 7 | 7 8 8 Most Carried 8 | 4 8 7 Average Carried 5 | 1 6 7 Final Capacity 8 | 8 8 8 Final Carried 8 | 3 8 6 Class Distribution -------------------- 100% | Mutant Dominant Class ---------------- Mutant | -10/Materials Mutant | -9/Materials Resources | -11 -10 -9 ----------- Run | Scr Mat Mat Matter Collected 280 | 232 48 . Remotely . | . . . Salvage Created 238 | 121 117 . Parts 29 | 17 12 . Haulers Intercepted . | . . . Recyclers Shooed 1 | 1 . . Parts Field Recycled . | . . . Retrieved Matter . | . . . Parts Self-Destructed . | . . . Prevented . | . . . Kills | -11 -10 -9 ------- Run | Scr Mat Mat Combat Hostiles Destroyed 4 | . 4 . Guns 4 | . 4 . Classes Destroyed 5 | 2 3 . Tunneler 3 | 3 . . Recycler 1 | 1 . . Watcher 1 | . 1 . Swarmer 3 | . 3 . Grunt 1 | . 1 . Best Kill Streak 3 | 2 3 . Combat Bots Only 3 | . 3 . Max Kills in Single Turn 1 | 1 1 . Gunslinging . | . . . Exploded . | . . . Melee . | . . . Uniques/NPCs Destroyed . | . . . Combat | -11 -10 -9 -------- Run | Scr Mat Mat Damage Taken 1057 | . 229 828 Core 455 | . 50 405 Absorbed by Shields . | . . . Core Remaining (%) 90 | 100 80 . Volleys Fired 26 | 13 12 1 Largest 2 | 1 2 1 Hottest 60 | 40 60 40 Shots Fired 34 | 13 20 1 Gun 34 | 13 20 1 Cannon . | . . . Launcher . | . . . Special . | . . . Kinetic 12 | . 12 . Thermal 1 | . . 1 Explosive . | . . . Electromagnetic 21 | 13 8 . Robot Hit Streak 5 | 2 5 5 Robot Miss Streak 2 | 2 2 . Penetration Max . | . . . Secondary Targets 1 | . 1 . Max Gunslinging Chain 1 | . 1 . Shots Hit Robots 22 | 7 14 1 Core Hits 12 | 5 7 . Critical Kills . | . . . Critical Parts Destroyed . | . . . Critical Strikes 1 | . 1 . Corrupt 1 | . 1 . Melee Attacks . | . . . Impact . | . . . Slashing . | . . . Piercing . | . . . Sneak Attacks . | . . . Combat Hostiles . | . . . Follow-up Attacks . | . . . Damage Inflicted 254 | 89 152 13 Guns 251 | 89 152 10 Cannons . | . . . Explosions . | . . . Melee . | . . . Ramming 3 | . . 3 Kinetic 63 | . 63 . Thermal 10 | . . 10 Explosive . | . . . Electromagnetic 178 | 89 89 . Impact . | . . . Slashing . | . . . Piercing . | . . . Highest Corruption . | . . . Average Corruption . | . . . Corruption Purged . | . . . Corruption Blocked . | . . . Overload Shots . | . . . Overflow Damage . | . . . Projectiles . | . . . Explosions . | . . . Melee . | . . . Knockbacks . | . . . Impact . | . . . Kinetic . | . . . Secondary . | . . . Self-Inflicted Damage 1 | . . 1 Shots . | . . . Rammed 2 | . . 2 Targets Rammed 2 | . . 2 Kicked . | . . . Crushed . | . . . Highest Temperature 40 | . 40 14 Average Temperature 17 | . 18 10 Received Heat Transfer 360 | . 84 276 Siege Activations . | . . . Robots Corrupted . | . . . Combat Hostiles . | . . . Parts Fried . | . . . Impact Corruptions . | . . . Robots Melted . | . . . Combat Hostiles . | . . . Parts Melted . | . . . Heat Transferred 25 | . . 25 Parts Sabotaged . | . . . Parts Stolen . | . . . Parts Stripped . | . . . Power Chain Reactions . | . . . Missiles Intercepted . | . . . Alert | -11 -10 -9 ------- Run | Scr Mat Mat Peak Influence 155 | 20 155 80 Initial 65 | . 13 65 Average 59 | 8 90 59 Maximum Alert Level . | . . . Low Security (%) 100 | 100 100 100 Level 1 . | . . . Level 2 . | . . . Level 3 . | . . . Level 4 . | . . . Level 5 . | . . . High Security . | . . . Max Security . | . . . Squads Dispatched 1 | . 1 . Investigation 1 | . 1 . Extermination . | . . . Reinforcement . | . . . Assault . | . . . Garrison . | . . . Intercept . | . . . Searches Triggered . | . . . Construction Impeded . | . . . Haulers Reinforced . | . . . Active Scanning Responses . | . . . Cargo Convoy Interrupts . | . . . Stealth | -11 -10 -9 --------- Run | Scr Mat Mat Distress Signals . | . . . Communications Jammed . | . . . Distress Signals . | . . . Times Spotted 21 | . 7 14 Peak Tracking Total 14 | . 3 14 Tactical Retreats 2 | . 1 1 Traps | -11 -10 -9 ------- Run | Scr Mat Mat Traps Triggered . | . . . Indirectly . | . . . Trap Hack Attempts . | . . . Triggered . | . . . Disarmed . | . . . Reprogrammed . | . . . Reused . | . . . Traps Extracted . | . . . Installed . | . . . Triggered . | . . . Machines | -11 -10 -9 ---------- Run | Scr Mat Mat Machines Disabled . | . . . Max in Single Turn . | . . . Machines Sabotaged . | . . . Garrisons Compromised . | . . . Overloaded Fab Kills . | . . . Hacking | -11 -10 -9 --------- Run | Scr Mat Mat Machines Accessed 1 | . 1 . Terminals 1 | . 1 . Fabricators . | . . . Repair Stations . | . . . Recycling Units . | . . . Scanalyzers . | . . . Garrison Access . | . . . Total Hacks 2 | . 2 . Successful . | . . . Failed 2 | . 2 . Catastrophic . | . . . Database Lockouts . | . . . Manual 2 | . 2 . Terminals 2 | . 2 . Fabricators . | . . . Repair Stations . | . . . Recycling Units . | . . . Scanalyzers . | . . . Garrison Access . | . . . Terminal Hacks . | . . . Fabricator Hacks . | . . . Repair Station Hacks . | . . . Recycling Unit Hacks . | . . . Scanalyzer . | . . . Garrison Access Hacks . | . . . Unauthorized Hacks . | . . . Terminals . | . . . Fabricators . | . . . Repair Stations . | . . . Recycling Units . | . . . Scanalyzers . | . . . Garrison Access . | . . . Data Cores Recovered . | . . . Used . | . . . Hacking Detections 1 | . 1 . Full Trace Events 1 | . 1 . Feedback Events . | . . . Feedback Blocked . | . . . Robot Schematics Acquired . | . . . Robots Built . | . . . Authchips . | . . . Time . | . . . Total Robot Build Rating . | . . . Part Schematics Acquired . | . . . Parts Built . | . . . Authchips . | . . . Time . | . . . Total Part Build Rating . | . . . Parts Repaired . | . . . Time . | . . . Parts Recycled . | . . . Recycled Matter . | . . . Retrieved Matter . | . . . Retrieved Components . | . . . Parts Scanalyzed . | . . . Part Schematics Acquired . | . . . Parts Damaged . | . . . Bothacking | -11 -10 -9 ------------ Run | Scr Mat Mat Used RIF Installer . | . . . Robots Hacked . | . . . Non-combat . | . . . Combat . | . . . Robot Hacks Applied . | . . . Relay Couplers Released . | . . . Fabnet Peak Effective % . | . . . Robots Rewired . | . . . Allies Hacked . | . . . Hacks Repelled . | . . . Allies | -11 -10 -9 -------- Run | Scr Mat Mat Total Allies . | . . . Largest Group . | . . . Highest-Rated Group . | . . . Highest-Rated Ally . | . . . Total Orders . | . . . Ally Attacks . | . . . Total Damage . | . . . Kills . | . . . Allies Corrupted . | . . . Allies Melted . | . . . Intel | -11 -10 -9 ------- Run | Scr Mat Mat Robot Analysis Total . | . . . Derelict Logs Recovered . | . . . Drone Launches . | . . . Drone Recoveries . | . . . Exploration | -11 -10 -9 ------------- Run | Scr Mat Mat Turns Passed 505 | 136 228 141 Spaces Moved 356 | 84 159 113 Core 53 | 9 . 44 Treads . | . . . Legs 303 | 75 159 69 Wheels . | . . . Hover . | . . . Flight . | . . . Fastest Speed 50 | 50 120 100 Average Speed 116 | 112 120 114 Slowest Speed 190 | 120 120 190 Overloaded Moves . | . . . Propulsion Burnouts . | . . . Robots Hopped . | . . . Cave-ins Triggered . | . . . Exploration Rate (%) 20 | 4 35 22 Regions Visited 2 Branch Regions . Pre-discovered Areas . | . . . Known Exits Taken . | . . . Unknown Exits Taken 2 | 1 1 . Scrap Searched . | . . . Spaces Dug . | . . . Terrain Destroyed . | . . . Melee . | . . . Projectile . | . . . AOE . | . . . Terrain Rammed . | . . . Walls Destroyed . | . . . Machines Disabled . | . . . Actions | -11 -10 -9 --------- Run | Scr Mat Mat Total 411 | 110 178 123 Wait 7 | . 2 5 Move 354 | 83 158 113 Hop . | . . . Pick Up 10 | 5 5 . Fast Attach 8 | 7 1 . Attach 2 | . . 2 Detach . | . . . Swap . | . . . Drop 2 | 2 . . Fire 26 | 13 12 1 Melee . | . . . Ram 2 | . . 2 Kick . | . . . Crush . | . . . Escape Stasis . | . . . Rewire . | . . . Trap . | . . . Miscellaneous . | . . . Route ------- -11/Scrapyard -10/Materials (discovered 2 exits: [*Mat] / [*Min]) -9/Materials (discovered 1 exit: [*Min]) History --------- Turn | Location | Event 7 | -11/Scrapyard | Discovered new exit (range 15) 137 | -11/Scrapyard | Entered Materials 260 | -10/Materials | Discovered new exit (range 16) 304 | -10/Materials | Build established: Mutant 325 | -10/Materials | Discovered new exit (range 14) 365 | -10/Materials | Entered another Materials area 365 | -9/Materials | Evolved 2 slots: Propulsion x1, Utility x1 484 | -9/Materials | Core integrity fell below 50% 498 | -9/Materials | Discovered new exit (range 13) 502 | -9/Materials | Core integrity fell below 20% 506 | -9/Materials | Destroyed by S-10 Pest with Light Assault Rifle Last Messages --------------- PARAMETERS=PROPULSION+1,UTILITY+1 LOCATION=UNKNOWN GOAL=ESCAPE 00380_ K-01 Serf collects debris. 00404_ Critical hit (Burn: +37). 00406_ K-01 Serf collects debris. 00448_ Aluminum Leg destroyed. 00451_ Ion Engine destroyed. 00455_ Aluminum Leg destroyed. 00457_ Imp. Terrain Scanner destroyed. 00460_ Slammed into G-34 Mercenary. 00460_ Destabilizing: System interference. 00460_ Terrain Scan Processor temporarily disabled. 00460_ Lgt. Assault Rifle temporarily disabled. 00462_ Sml. Laser destroyed. 00464_ Slammed into G-34 Mercenary. 00480_ C-30 ARC bursts open, deploying its payload. 00480_ S-10 Pest unfolds itself. 00480_ Lgt. Assault Rifle destroyed. 00498_ EXIT=FOUND Map ----- +----------------------------------------------------+ | ?????????????????????????????????????????????????? | | ?????????????????????????????????????????????????? | | ?????????????????????????????????????????????????? | | ?????????????????????????????????????????????????? | | ?????????????????????????????????????????????????? | | ?????????????????????????????????????????????????? | | ?????????????????????????????????????????????????? | | ?????????????????????????????????????????????????? | | ?????????????????????????????????????????????????? | | ?????????????????????????????????????????????????? | | ?????????????????????????????????????????????????? | | ???????????????????????? ????????????????????????? | | ?????????????????????###+###?????????????????????? | | ????????????????????## #######+#?????????????? | | ???????????????????? u ????????????? | | ????????????????????? ????????????? | | ????????????????????? r ????????????? | | ?????????????????????# ?????????????? | | ?????????????????????# ??????????????? | | ?????????????????????# ????????????????? | | ????????????#######??# #?????????????????? | | ????????????# [ ?# #???"?????????????? | | ????????????# ?# #?"|"|" #?????????? | | ????????????# # # #?????????? | | ????????????# """ # ????????? | | ????????????# """ + l @ r ????????? | | ????????????# """ # ????????? | | ????????????? """ # ##### #?????????? | | ????????????? """ ?# ss##############?????????? | | ?????????????? ?# g # #????????????? | | ?????????????######?+# ss + #????????????? | | ???????????????????# g # #????????????? | | ?????????????#######+## g # #????????????? | | ?????????????# #gg ###+#######????????????? | | ?????????????# # g ### ####### ???????????? | | ?????????????# + +????????????? | | ?????????????# # % ######????????????? | | ?????????????# a #?????????????????? | | ?????????????# ##+####/######?????????????? | | ?????????????# ## #?????????????? | | ?????????????# ## """ """ #?????????????? | | ?????????????# ## """ """ #?????????????? | | ?????????????###/####### """ """ #?????????????? | | ???????????????# #?????# #?????????????? | | ???????????????# #?????# #????#????????? | | ????????????#### #?????# ! #?????????????? | | ????????????# #?????##############????????????? | | ????????????# #????????# ????#?????? ????? | | ?????????#??# ######?#?# """ #??????????? ? | | ????????????# % #??## """""#??????#?????? | +----------------------------------------------------+ Best States ------------- Heat Dissipation 28 Energy Generation 10 Energy Capacity 250 Matter Stores 300 Matter Capacity 300 Sight Range 16 Terrain Scan Range 16 Terrain Scan Density 85 Evasion (%) 55 Item Schematics ----------------- None Robot Schematics ------------------ None Fabricated ------------ Nothing Alien Tech Used ----------------- None Achievements -------------- None Challenges ------------ None Game ------ Seed GravitonProtonBlade Manual? 0 Play Time 00:05:08 Cumulative 31.1 hours Start 2022.09.22 @ 10:35:51 End 2022.09.22 @ 10:39:47 Sessions 1 Manual Loads 0 Difficulty Rogue Special Mode None Game No. 53 Rogue 52 Adventurer 1 Explorer 0 Win Type - Total 1 Types 1/0/0/0/0/0/0/0/0 Lore% 37 Gallery% 37 Achievement% 35 Wizard Run 0 Options --------- ASCII 0 Keyboard 0 Movement Numpad Keybinds 0 Fullscreen 1 Font 18/SmallcapsGlow Map View 76x50 Tactical HUD 1 Map Filters NONE Filters NONE Steam 1 RUN: 96b450d7-1754-463d-a6d5-0b0ddec0bd1b